[Event "Titled Tuesday Blitz June 6 Early 2023"]
[White "Hinds, Nathan"]
[Black "Zallio, Luciano de Souza"]
[WhiteFideId "7400730"]
[BlackFideId "2109700"]
[WhiteElo "2001"]
[BlackElo "2057"]
[Result "0-1"]
[Round "3"]
[TimeControl "180+2"]
[Date "2023.06.06"]
[WhiteClock "0:02:26"]
[BlackClock "0:01:24"]
[Board "197"]

1. Nf3 d5 2. d4 Nf6 3. g3 e6 4. c4 Be7 5. Bg2 O-O 6. O-O b6 7. Ne5 Bb7 8. Bg5 Nbd7 9. Ng6 hxg6 10. cxd5 Bxd5 11. Nc3 Bxg2 12. Kxg2 c5 13. e3 cxd4 14. exd4 Nd5 15. Bxe7 Nxe7 16. Ne4 Nf6 17. Ng5 Nf5 18. Nf3 Qd5 19. Qd3 Ne4 20. Rfe1 Ng5 21. h4 Nxf3 22. Qxf3 Qxf3+ 23. Kxf3 Nxd4+ 24. Kg2 Rac8 25. Rad1 Rfd8 26. Re4 Nf5 27. Rxd8+ Rxd8 28. Rc4 Rd2 29. Rc7 Rxb2 30. Rxa7 f6 31. Kf3 e5 32. Rb7 Nd4+ 33. Ke4 Rxf2 34. Rxb6 Rxa2 35. Rb7 Rg2 36. h5 gxh5 37. g4 Rxg4+ 38. Kd5 h4 39. Kd6 h3 40. Ke7 h2 41. Rb8+ Kh7 42. Rb1 Rg1 43. Rb8 h1=Q 44. Kf7 Qd5+ 45. Kf8 Qd6+ 46. Ke8 Qxb8+ 47. Kf7 Qc7+ 48. Kf8 Rb1 0-1


[Site "https://www.chess.com"]

[Event "Titled Tuesday Blitz June 6 Early 2023"]
[White "Winkels, Marcel"]
[Black "Goswami, Vedant"]
[WhiteFideId "1003887"]
[BlackFideId "5003725"]
[WhiteElo "1900"]
[BlackElo "2011"]
[Result "0-1"]
[Round "3"]
[TimeControl "180+2"]
[Date "2023.06.06"]
[WhiteClock "0:00:02"]
[BlackClock "0:00:11"]
[Board "198"]

1. e4 d6 2. d4 g6 3. Nc3 Bg7 4. Bg5 h6 5. Bh4 Nc6 6. Nf3 Bg4 7. d5 Nd4 8. Be2 Bxf3 9. Bxf3 Qd7 10. Bg4 Qd8 11. Bg3 h5 12. Be2 h4 13. Bf4 h3 14. g3 c6 15. O-O Nh6 16. Qd2 Qd7 17. dxc6 bxc6 18. a4 Rb8 19. Rab1 Ng4 20. f3 Ne5 21. Be3 Nxe2+ 22. Nxe2 Nc4 23. Qd3 d5 24. Bc1 O-O 25. b3 Ne5 26. Qd1 Rfd8 27. Nf4 dxe4 28. Qxd7 Rxd7 29. fxe4 Rbd8 30. Be3 Ng4 31. Bc5 Rd2 32. Bf2 Nxf2 33. Rxf2 Bd4 0-1


[Site "https://www.chess.com"]

[Event "Titled Tuesday Blitz June 6 Early 2023"]
[White "Shtompel, Yuriy"]
[Black "Lisjak, Zlatko"]
[WhiteFideId "14168278"]
[BlackFideId "14502186"]
[WhiteElo "1844"]
[BlackElo "1998"]
[Result "1-0"]
[Round "3"]
[TimeControl "180+2"]
[Date "2023.06.06"]
[WhiteClock "0:00:03"]
[BlackClock "0:00:01"]
[Board "199"]

1. Nf3 d6 2. g3 Bg4 3. Bg2 Nd7 4. O-O c6 5. d3 e5 6. e4 Be7 7. h3 Bh5 8. Nc3 b5 9. Ne2 Qc7 10. c3 h6 11. g4 Bg6 12. Ng3 Ngf6 13. Nh4 Bh7 14. Nhf5 Bf8 15. h4 h5 16. g5 Ng8 17. f4 g6 18. Ne3 exf4 19. Rxf4 d5 20. Qf1 Bd6 21. Rxf7 Bxg3 22. exd5 Qd6 23. dxc6 Ne5 24. Rd7 Nxd7 25. cxd7+ Qxd7 26. Bxa8 Ne7 27. Qg2 Bd6 28. d4 Bg8 29. Bd2 Be6 30. Re1 O-O 31. Rf1 Rxf1+ 32. Qxf1 Nf5 33. Nxf5 Bxf5 34. Bd5+ Kh7 35. Bg2 Qe7 36. Bf4 Qe6 37. Bxd6 Qxd6 38. Qe2 a6 39. Qe5 Qd8 40. Bd5 Qf8 41. Qc7+ Kh8 42. Qe5+ 1-0


[Site "https://www.chess.com"]

[Event "Titled Tuesday Blitz June 6 Early 2023"]
[White "Schain, Randolph"]
[Black "Andrews, Todd"]
[WhiteFideId "2003139"]
[BlackFideId "2012456"]
[WhiteElo "2123"]
[BlackElo "2145"]
[Result "0-1"]
[Round "3"]
[TimeControl "180+2"]
[Date "2023.06.06"]
[WhiteClock "0:00:11"]
[BlackClock "0:00:59"]
[Board "200"]

1. e4 e6 2. d4 d5 3. Nd2 Nc6 4. c3 e5 5. exd5 Qxd5 6. Ngf3 exd4 7. Bc4 Qh5 8. cxd4 Bd6 9. O-O Be6 10. Re1 O-O-O 11. Bxe6+ fxe6 12. Rxe6 Nf6 13. Nc4 Bxh2+ 14. Kf1 Nxd4 15. Re7 Nxf3 16. Qxf3 Rd1+ 17. Ke2 Qxf3+ 18. Kxf3 Rf8 19. Bf4 Rxa1 20. Rxc7+ Kd8 21. g3 Nd5 22. Rxb7 Nxf4 23. Na5 Nd3+ 24. Kg2 Rxf2+ 25. Kh3 Rc1 26. Rxg7 h5 27. Nb7+ Ke8 28. Nd6+ Kf8 0-1


[Site "https://www.chess.com"]

[Event "Titled Tuesday Blitz June 6 Early 2023"]
[White "Delorme, Alban"]
[Black "Bogaudinov, Rushan"]
[WhiteFideId "623636"]
[BlackFideId "4129288"]
[WhiteElo "2196"]
[BlackElo "1967"]
[Result "0-1"]
[Round "3"]
[TimeControl "180+2"]
[Date "2023.06.06"]
[WhiteClock "0:02:06"]
[BlackClock "0:02:04"]
[Board "201"]

1. e4 d6 2. d4 Nf6 3. Nc3 a6 4. Be3 b5 5. f3 Bb7 6. a3 e6 7. Bd3 Be7 8. Nge2 O-O 9. g4 c5 10. b3 Nbd7 11. g5 Ne8 12. h4 Qc7 13. Ng3 cxd4 14. Bxd4 d5 15. O-O Qxg3+ 0-1


[Site "https://www.chess.com"]

[Event "Titled Tuesday Blitz June 6 Early 2023"]
[White "Gabdushev, Ruslan"]
[Black "Blackwhite017"]
[WhiteFideId "4137833"]
[WhiteElo "2233"]
[BlackElo "2083"]
[Result "1-0"]
[Round "3"]
[TimeControl "180+2"]
[Date "2023.06.06"]
[WhiteClock "0:00:08"]
[BlackClock "0:00:02"]
[Board "202"]

1. c4 Nf6 2. g3 g6 3. Bg2 Bg7 4. Nc3 c6 5. e4 O-O 6. Nge2 e6 7. e5 Ne8 8. d4 f6 9. exf6 Nxf6 10. O-O d5 11. Bg5 h6 12. Be3 Ng4 13. Qd3 Kh7 14. Nf4 Qe8 15. Rae1 Na6 16. h3 Nxe3 17. Rxe3 Qf7 18. a3 Bd7 19. h4 Qf5 20. Qd2 c5 21. Nce2 Rad8 22. cxd5 exd5 23. h5 g5 24. Ng6 Rfe8 25. dxc5 Nxc5 26. Rxe8 Rxe8 27. Nd4 Qf6 28. Rd1 Ne4 29. Qc2 Bc6 30. g4 Rf8 31. f3 Re8 32. fxe4 dxe4 33. Nxc6 bxc6 34. Bxe4 1-0


[Site "https://www.chess.com"]

[Event "Titled Tuesday Blitz June 6 Early 2023"]
[White "Maluco_do_Natal_00"]
[Black "Ai, Evan"]
[BlackFideId "2094770"]
[WhiteElo "2070"]
[BlackElo "1963"]
[Result "0-1"]
[Round "3"]
[TimeControl "180+2"]
[Date "2023.06.06"]
[WhiteClock "0:00:01"]
[BlackClock "0:00:59"]
[Board "203"]

1. e4 e5 2. Nf3 Nc6 3. Bb5 a6 4. Ba4 Nf6 5. O-O b5 6. Bb3 Be7 7. Re1 O-O 8. a4 Bb7 9. c3 d5 10. axb5 axb5 11. Rxa8 Bxa8 12. exd5 Nxd5 13. Nxe5 Nxe5 14. Rxe5 Nf4 15. d4 Nxg2 16. Qg4 Nh4 17. Bd1 Bf6 18. Re1 Qd5 19. f3 Nxf3+ 20. Bxf3 Qxf3 21. Qxf3 Bxf3 22. Bf4 c6 23. Nd2 Bd5 24. Ne4 Be7 25. Nd6 Be6 26. Ne4 Rd8 27. Ng3 c5 0-1


[Site "https://www.chess.com"]

[Event "Titled Tuesday Blitz June 6 Early 2023"]
[White "Ziatdinov, Raset"]
[Black "Torres Dominguez, David"]
[WhiteFideId "2015323"]
[BlackFideId "2220857"]
[WhiteElo "2220"]
[BlackElo "1999"]
[Result "1-0"]
[Round "3"]
[TimeControl "180+2"]
[Date "2023.06.06"]
[WhiteClock "0:00:15"]
[BlackClock "0:00:28"]
[Board "204"]

1. e4 Nc6 2. d4 e5 3. c3 d5 4. exd5 Qxd5 5. Nf3 Bg4 6. Be2 exd4 7. cxd4 Bb4+ 8. Nc3 Bxf3 9. Bxf3 Qc4 10. d5 Nd4 11. Be3 Bxc3+ 12. bxc3 Qxc3+ 13. Kf1 Nxf3 14. gxf3 Ne7 15. Kg2 O-O 16. Rc1 Qe5 17. Re1 Rfe8 18. Qa4 Nf5 19. Bd2 Ne3+ 20. Rxe3 Qxd5 21. Rxe8+ 1-0


[Site "https://www.chess.com"]

[Event "Titled Tuesday Blitz June 6 Early 2023"]
[White "Rian, Kapriaga"]
[Black "Alexanian, Nelli"]
[WhiteFideId "7103263"]
[BlackFideId "4170539"]
[WhiteElo "2317"]
[BlackElo "2047"]
[Result "1-0"]
[Round "3"]
[TimeControl "180+2"]
[Date "2023.06.06"]
[WhiteClock "0:01:13"]
[BlackClock "0:00:02"]
[Board "205"]

1. d4 Nf6 2. c4 c5 3. d5 b5 4. Qc2 Na6 5. a3 bxc4 6. e4 e6 7. Bxc4 Qa5+ 8. Nc3 Bd6 9. Nf3 O-O 10. O-O Re8 11. dxe6 fxe6 12. e5 Bxe5 13. Nxe5 d5 14. Bb5 Rf8 15. Bg5 d4 16. Bxa6 Bxa6 17. Ne4 Bxf1 18. Rxf1 c4 19. Bxf6 gxf6 20. Nxc4 Qd5 21. Qd3 Rac8 22. b3 f5 23. Ng5 Rf6 24. f4 Rg6 25. Rf2 h6 26. Nf3 Kh7 27. Nfe5 Rg7 28. g3 h5 29. Rd2 Rcg8 30. Qxd4 Rxg3+ 31. hxg3 Rxg3+ 32. Kf1 Qh1+ 33. Ke2 Qh2+ 34. Kd1 Rg1+ 35. Kc2 Qg3 36. a4 1-0


[Site "https://www.chess.com"]

[Event "Titled Tuesday Blitz June 6 Early 2023"]
[White "White, John S."]
[Black "Buscar, Michael"]
[WhiteFideId "2502348"]
[BlackFideId "2603616"]
[WhiteElo "1979"]
[BlackElo "2010"]
[Result "0-1"]
[Round "3"]
[TimeControl "180+2"]
[Date "2023.06.06"]
[WhiteClock "0:00:03"]
[BlackClock "0:00:21"]
[Board "206"]

1. e4 c5 2. Nf3 Nc6 3. d4 cxd4 4. Nxd4 Nf6 5. Nc3 e5 6. Ndb5 h6 7. Nd6+ Bxd6 8. Qxd6 Qe7 9. Qxe7+ Kxe7 10. Bd3 Nb4 11. Be3 Nxd3+ 12. cxd3 Rd8 13. Bc5+ d6 14. Ba3 Be6 15. O-O a6 16. Rac1 Rac8 17. b3 Rc6 18. Ne2 Rdc8 19. Rxc6 bxc6 20. Rc1 c5 21. Nc3 Ra8 22. b4 c4 23. Nd5+ Bxd5 24. exd5 cxd3 25. Rd1 Nxd5 26. Rxd3 Nf4 27. Rd2 Rc8 28. b5 axb5 29. Rxd6 Rc1+ 30. Bxc1 Kxd6 31. Kf1 Kd5 32. Bxf4 exf4 33. Ke2 Kd4 34. Kd2 f5 35. h4 g6 36. Kc2 Ke4 37. Kb3 Kd5 38. Kb4 Kc6 39. a3 Kb6 40. a4 bxa4 41. Kxa4 Kc5 42. Kb3 Kd4 43. Kc2 Ke4 44. Kd2 f3 45. g3 g5 46. hxg5 hxg5 47. Ke1 Kd3 48. Kd1 Kc3 49. Kc1 g4 50. Kd1 Kd3 51. Ke1 Ke4 52. Kd2 f4 53. gxf4 Kxf4 54. Ke1 g3 55. Kf1 g2+ 56. Kg1 Ke4 57. Kh2 Kd3 58. Kg1 Ke2 59. Kh2 Kxf2 60. Kh3 g1=Q 61. Kh4 Qg3+ 62. Kh5 Kg2 63. Kh6 f2 64. Kh7 f1=Q 65. Kh8 Qh1# 0-1


[Site "https://www.chess.com"]

[Event "Titled Tuesday Blitz June 6 Early 2023"]
[White "Vaglio Munoz, Jaime"]
[Black "Porat, Tori"]
[WhiteFideId "6500145"]
[BlackFideId "30982626"]
[WhiteElo "2199"]
[BlackElo "1752"]
[Result "1-0"]
[Round "3"]
[TimeControl "180+2"]
[Date "2023.06.06"]
[WhiteClock "0:01:50"]
[BlackClock "0:01:17"]
[Board "207"]

1. e4 c5 2. a3 Nc6 3. b4 cxb4 4. axb4 Nxb4 5. c3 Nc6 6. d4 d5 7. exd5 Qxd5 8. Na3 e6 9. Nb5 Qd8 10. Bf4 e5 11. dxe5 Qb6 12. e6 Bc5 13. exf7+ Kxf7 14. Bc4+ Kf8 15. Nf3 Bxf2+ 16. Kf1 Bc5 17. Bc7 Qa6 18. Rxa6 bxa6 19. Bd6+ Bxd6 20. Qxd6+ 1-0


[Site "https://www.chess.com"]

[Event "Titled Tuesday Blitz June 6 Early 2023"]
[White "Putri, Regita Desyari"]
[Black "Skiadopoulos, Nikolaos"]
[WhiteFideId "7109083"]
[BlackFideId "4200772"]
[WhiteElo "1930"]
[BlackElo "2022"]
[Result "1-0"]
[Round "3"]
[TimeControl "180+2"]
[Date "2023.06.06"]
[WhiteClock "0:00:15"]
[BlackClock "0:00:03"]
[Board "208"]

1. d4 Nf6 2. c4 c5 3. Nf3 g6 4. Nc3 cxd4 5. Nxd4 Bg7 6. e4 O-O 7. Be3 d6 8. Be2 Bd7 9. O-O Nc6 10. f4 Nxd4 11. Bxd4 Bc6 12. Bf3 Qa5 13. Nd5 Bxd5 14. cxd5 Nd7 15. a3 Bxd4+ 16. Qxd4 Qc5 17. Qxc5 Nxc5 18. b4 Na4 19. Bd1 Nc3 20. Bf3 Rac8 21. Rfc1 Rc7 22. Kf1 Rfc8 23. Ke1 Nxd5 24. Rxc7 Nxc7 25. Rc1 Kf8 26. e5 d5 27. Bxd5 Rd8 28. Rxc7 Rxd5 29. Rxb7 a5 30. Ke2 axb4 31. axb4 h5 32. g3 Rd4 33. b5 h4 34. b6 hxg3 35. hxg3 Rb4 36. Kf3 Rb3+ 37. Kg4 Kg7 38. Kh4 Rb1 39. Rb8 e6 40. b7 Rb2 41. Kh3 Kh7 42. Kg4 Kg7 43. Kf3 Kh7 44. Ke4 Rb1 45. Kd4 Kg7 46. Kc5 Rc1+ 47. Kd6 Rd1+ 48. Ke7 Rb1 49. Kd7 Rd1+ 50. Kc7 Rc1+ 51. Kb6 Rb1+ 52. Kc5 Rc1+ 53. Kd4 Rd1+ 54. Ke4 Rb1 55. Kf3 Rb2 56. Kg4 Rb3 57. Kh4 Rb1 58. g4 Rb3 59. Kg5 Rb1 60. f5 gxf5 61. gxf5 exf5 62. Kxf5 Rb6 63. Ke4 Rb1 64. Kf5 Rb6 65. Ke4 Rb1 66. Kd5 Rd1+ 67. Kc6 Rc1+ 68. Kd6 Rd1+ 69. Ke7 Rb1 70. e6 fxe6 71. Kxe6 Kh7 72. Kd6 Rd1+ 73. Kc5 Rc1+ 74. Kb4 Rb1+ 75. Kc3 Rc1+ 76. Kb2 1-0


[Site "https://www.chess.com"]

[Event "Titled Tuesday Blitz June 6 Early 2023"]
[White "Nihal Sarin"]
[Black "Talibov, Shiroghlan"]
[WhiteFideId "25092340"]
[BlackFideId "13429078"]
[WhiteElo "2689"]
[BlackElo "2274"]
[Result "1-0"]
[Round "4"]
[TimeControl "180+2"]
[Date "2023.06.06"]
[WhiteClock "0:00:41"]
[BlackClock "0:00:43"]
[Board "1"]

1. e4 c6 2. Nf3 d5 3. d3 g6 4. e5 c5 5. d4 cxd4 6. Qxd4 Nc6 7. Bb5 Bd7 8. Qxd5 e6 9. Qe4 Bg7 10. Nc3 Nge7 11. Bg5 a6 12. Ba4 h6 13. Bf6 O-O 14. O-O-O b5 15. Bb3 Ra7 16. h4 h5 17. g4 hxg4 18. Qxg4 Bxf6 19. exf6 Nf5 20. Qg5 Qb6 21. h5 1-0


[Site "https://www.chess.com"]

[Event "Titled Tuesday Blitz June 6 Early 2023"]
[White "Tang, Andrew"]
[Black "Naroditsky, Daniel"]
[WhiteFideId "2059630"]
[BlackFideId "2026961"]
[WhiteElo "2600"]
[BlackElo "2632"]
[Result "0-1"]
[Round "4"]
[TimeControl "180+2"]
[Date "2023.06.06"]
[WhiteClock "0:00:02"]
[BlackClock "0:00:32"]
[Board "2"]

1. d4 d6 2. c4 g6 3. Nc3 Bg7 4. e4 c6 5. Nge2 a6 6. c5 b5 7. cxd6 exd6 8. h4 h5 9. Bg5 Ne7 10. Qd2 Nd7 11. Ng3 Bb7 12. Be2 Qb6 13. Rd1 Qc7 14. Kf1 Nb6 15. Kg1 b4 16. Nb1 a5 17. Qf4 f6 18. Bxf6 O-O 19. e5 Nbd5 20. Qe4 Nxf6 21. exf6 Rxf6 22. Nd2 Raf8 23. Nf3 c5 24. Qe3 c4 25. Ne4 Re6 26. Nfg5 Rxe4 27. Nxe4 Nf5 28. Qc1 Bxe4 29. Bxc4+ Kh8 30. d5 Bh6 0-1


[Site "https://www.chess.com"]

[Event "Titled Tuesday Blitz June 6 Early 2023"]
[White "Ahmadzada, Ahmad"]
[Black "Martinez Alcantara, Jose Eduardo"]
[WhiteFideId "13413007"]
[BlackFideId "3805662"]
[WhiteElo "2388"]
[BlackElo "2711"]
[Result "0-1"]
[Round "4"]
[TimeControl "180+2"]
[Date "2023.06.06"]
[WhiteClock "0:00:03"]
[BlackClock "0:00:07"]
[Board "3"]

1. Nf3 c5 2. g3 Nc6 3. Bg2 g6 4. O-O Bg7 5. c4 d6 6. Nc3 e6 7. d3 Nge7 8. Bd2 h6 9. a3 O-O 10. Rb1 b6 11. b4 Bb7 12. Qc1 Kh7 13. b5 Na5 14. e4 Rc8 15. Re1 d5 16. exd5 exd5 17. cxd5 Nxd5 18. Ne4 c4 19. Bxa5 cxd3 20. Qd2 bxa5 21. Qxd3 Qb6 22. Rbc1 Rxc1 23. Rxc1 Rd8 24. Rd1 Kg8 25. h4 Re8 26. h5 Nf4 27. gxf4 Bxe4 28. Qd7 Rf8 29. Ne5 Bf5 30. Qc6 gxh5 31. Bd5 Bxe5 32. fxe5 Kg7 33. Rc1 Rc8 34. Qf6+ Qxf6 35. exf6+ Kxf6 36. Bc6 Be6 37. Rc5 h4 38. Rh5 h3 39. Rxh6+ Ke5 40. Kh2 Rd8 41. Kg3 Rd3+ 42. f3 Rxa3 43. Rh8 Ra2 44. f4+ Kf6 45. Rh6+ Kg7 46. Rh5 Kg6 47. Rg5+ Kf6 48. Rc5 a4 49. Be4 a3 50. f5 Bb3 51. Kxh3 Re2 52. Bf3 Re3 53. Kg2 a2 54. Rc1 Kxf5 55. Ra1 Kf4 56. Bc6 Rc3 57. Kf2 Rc2+ 58. Ke1 Rb2 0-1


[Site "https://www.chess.com"]

[Event "Titled Tuesday Blitz June 6 Early 2023"]
[White "Duda, Jan-Krzysztof"]
[Black "Grigorjev, Iljya"]
[WhiteFideId "1170546"]
[BlackFideId "24159565"]
[WhiteElo "2783"]
[BlackElo "2323"]
[Result "1-0"]
[Round "4"]
[TimeControl "180+2"]
[Date "2023.06.06"]
[WhiteClock "0:00:26"]
[BlackClock "0:00:59"]
[Board "4"]

1. d4 Nf6 2. c4 g6 3. Nc3 d5 4. cxd5 Nxd5 5. e4 Nxc3 6. bxc3 Bg7 7. Bc4 c5 8. Ne2 Nc6 9. Be3 O-O 10. O-O b6 11. Rc1 Bb7 12. Bb5 a6 13. Bxc6 Bxc6 14. d5 Bb7 15. c4 e6 16. a4 exd5 17. exd5 a5 18. Qd2 Qd7 19. Bh6 Bxh6 20. Qxh6 Qxa4 21. Rc3 Bc8 22. Nf4 Qb4 23. Rfc1 a4 24. h3 a3 25. Nh5 1-0


[Site "https://www.chess.com"]

[Event "Titled Tuesday Blitz June 6 Early 2023"]
[White "Nguyen, Ngoc Truong Son"]
[Black "Grischuk, Alexander"]
[WhiteFideId "12401110"]
[BlackFideId "4126025"]
[WhiteElo "2556"]
[BlackElo "2721"]
[Result "1/2-1/2"]
[Round "4"]
[TimeControl "180+2"]
[Date "2023.06.06"]
[WhiteClock "0:00:52"]
[BlackClock "0:00:10"]
[Board "5"]

1. d4 e6 2. c4 b6 3. Nc3 Bb4 4. Bd2 Bb7 5. Nf3 f5 6. a3 Bxc3 7. Bxc3 Nf6 8. g3 O-O 9. Bg2 Be4 10. O-O Qe8 11. b4 d6 12. a4 Nbd7 13. a5 Qh5 14. h3 g5 15. Qd2 h6 16. Nh2 Bxg2 17. Kxg2 Ne4 18. Qd3 Ndf6 19. Bb2 f4 20. g4 Qf7 21. Ra3 Rae8 22. axb6 axb6 23. Ra7 Re7 24. Rfa1 h5 25. Ra8 hxg4 26. hxg4 Qh7 27. Rxf8+ Kxf8 28. Ra8+ Kf7 29. Nf3 Re8 30. Ra7 Re7 31. d5 e5 32. c5 bxc5 33. bxc5 Qg6 34. cxd6 cxd6 35. Rxe7+ Kxe7 36. Bxe5 dxe5 37. d6+ Ke6 38. d7 Nxd7 39. Qxd7+ Kxd7 40. Nxe5+ Ke6 41. Nxg6 Kf6 42. Nxf4 gxf4 43. e3 fxe3 44. fxe3 Ke5 1/2-1/2


[Site "https://www.chess.com"]

[Event "Titled Tuesday Blitz June 6 Early 2023"]
[White "Paravyan, David"]
[Black "Galchenko, Matvey"]
[WhiteFideId "4194985"]
[BlackFideId "24175480"]
[WhiteElo "2563"]
[BlackElo "2423"]
[Result "1-0"]
[Round "4"]
[TimeControl "180+2"]
[Date "2023.06.06"]
[WhiteClock "0:00:07"]
[BlackClock "0:00:01"]
[Board "6"]

1. d4 d5 2. c4 e6 3. Nc3 c6 4. e3 f5 5. f4 Nf6 6. Nf3 Be7 7. Bd3 O-O 8. O-O b6 9. Ne5 Ne4 10. Nxe4 fxe4 11. Bc2 Bb7 12. Qg4 Rf6 13. Bd2 Nd7 14. cxd5 cxd5 15. Rac1 Rc8 16. Ba4 Rxc1 17. Rxc1 Nxe5 18. fxe5 Rg6 19. Qe2 a6 20. a3 b5 21. Bb3 h6 22. Bb4 Bxb4 23. axb4 Bc8 24. Rc6 Bd7 25. Rd6 Qc7 26. Qd2 Kh7 27. Bd1 Rg5 28. h4 Rf5 29. Bg4 Rf8 30. Qc3 Qb7 31. Kh2 Bc8 32. Kg3 Qf7 33. Qe1 Qg6 34. Kh3 h5 35. Be2 Qf5+ 36. Kh2 g5 37. hxg5 Qxg5 38. Qg3 Qxg3+ 39. Kxg3 Kg6 40. Kh4 Kh6 41. Bxh5 Rf2 42. g4 Rxb2 43. g5+ Kg7 44. Rc6 Rh2+ 45. Kg4 Rg2+ 46. Kf4 Rf2+ 47. Kg3 Rf8 48. Rc7+ Kg8 49. Bg6 Rd8 50. Bh7+ Kh8 51. g6 Bd7 52. Kf4 Rf8+ 53. Kg5 Rd8 54. Kh6 1-0


[Site "https://www.chess.com"]

[Event "Titled Tuesday Blitz June 6 Early 2023"]
[White "Sanal, Vahap"]
[Black "Korobov, Anton"]
[WhiteFideId "6300545"]
[BlackFideId "14105730"]
[WhiteElo "2606"]
[BlackElo "2638"]
[Result "1-0"]
[Round "4"]
[TimeControl "180+2"]
[Date "2023.06.06"]
[WhiteClock "0:00:17"]
[BlackClock "0:00:26"]
[Board "7"]

1. b3 d5 2. Bb2 c5 3. e3 Nc6 4. Nf3 e6 5. Bb5 Bd7 6. O-O Nf6 7. d3 Be7 8. Nbd2 O-O 9. a4 a6 10. Bxc6 Bxc6 11. Ne5 Be8 12. a5 Nd7 13. f4 f6 14. Nxd7 Qxd7 15. Qe2 Rc8 16. Kh1 Bg6 17. h3 Rfd8 18. Nf3 Qb5 19. Nh4 Bf7 20. f5 e5 21. Qg4 c4 22. Ng6 Bf8 23. Nxf8 Kxf8 24. Ba3+ Kg8 25. Be7 h5 26. Qg3 Qc6 27. Bxd8 Rxd8 28. d4 Re8 29. Rab1 c3 30. b4 Qc4 31. Qf2 exd4 32. exd4 Re2 33. Qf4 Rxc2 34. Rbe1 Rd2 35. Qb8+ Kh7 36. Qxb7 Bg8 37. Qe7 Rxd4 38. Qe8 Rh4 39. Qg6+ Kh8 40. Kg1 d4 41. Re7 1-0


[Site "https://www.chess.com"]

[Event "Titled Tuesday Blitz June 6 Early 2023"]
[White "Andreikin, Dmitry"]
[Black "Mitrabha, Guha"]
[WhiteFideId "4158814"]
[BlackFideId "5057000"]
[WhiteElo "2736"]
[BlackElo "2507"]
[Result "1-0"]
[Round "4"]
[TimeControl "180+2"]
[Date "2023.06.06"]
[WhiteClock "0:00:58"]
[BlackClock "0:00:19"]
[Board "8"]

1. d4 Nf6 2. c4 e6 3. Nf3 d5 4. g3 Be7 5. Bg2 dxc4 6. O-O O-O 7. Qc2 a6 8. a4 Bd7 9. Qxc4 Bc6 10. Bf4 Nbd7 11. Qc1 Rc8 12. Rd1 a5 13. Nc3 Bxf3 14. Bxf3 c6 15. e4 Nb6 16. h4 h6 17. Kg2 Re8 18. Qc2 Bf8 19. Rd3 Nbd7 20. e5 Nd5 21. Bxd5 cxd5 22. Qe2 Nb8 23. Qg4 Kh7 24. Rf3 Nc6 25. Nb5 Qd7 26. Qh5 Kg8 27. Bd2 Nb4 28. Bc3 Rc4 29. b3 Rc6 30. Re1 b6 31. Ree3 Nc2 32. Rd3 Bb4 33. Bxb4 axb4 34. Rd1 Rec8 35. Nd6 Rxd6 36. exd6 Qxd6 37. Qxf7+ Kh8 38. Rc1 Rc7 39. Qg6 Kg8 40. Rxc2 Rxc2 41. Qxc2 1-0


[Site "https://www.chess.com"]

[Event "Titled Tuesday Blitz June 6 Early 2023"]
[White "Hakobyan, Aram"]
[Black "Beerdsen, Thomas"]
[WhiteFideId "13306677"]
[BlackFideId "1030108"]
[WhiteElo "2584"]
[BlackElo "2553"]
[Result "1-0"]
[Round "4"]
[TimeControl "180+2"]
[Date "2023.06.06"]
[WhiteClock "0:00:23"]
[BlackClock "0:00:44"]
[Board "9"]

1. Nf3 h6 2. e4 g5 3. Bc4 e6 4. O-O g4 5. Ne1 h5 6. d4 Bg7 7. Nc3 a6 8. a4 b6 9. Be3 Bb7 10. f3 Nh6 11. Qd2 Nc6 12. Rd1 Qf6 13. Be2 Qg6 14. d5 Ne5 15. f4 Nf3+ 16. Bxf3 gxf3 17. Nxf3 O-O-O 18. d6 c5 19. a5 Ng4 20. axb6 Nxe3 21. Qxe3 Rhg8 22. Rf2 Bxc3 23. Qxc3 Qxe4 24. Qxc5+ Bc6 25. Ng5 Qg6 26. b7+ Kb8 27. Qb6 Bxb7 28. Rd3 Qf5 29. Rb3 Qd5 30. c4 Qc6 31. Qxc6 dxc6 32. c5 Rd7 33. Ne4 Rg6 34. Rg3 a5 35. Rd2 Kc8 36. Rxg6 fxg6 37. Ng5 Ba6 38. Nf3 Bc4 39. Ne5 1-0


[Site "https://www.chess.com"]

[Event "Titled Tuesday Blitz June 6 Early 2023"]
[White "Yeletsky, Ivan"]
[Black "Pranesh M"]
[WhiteFideId "24180327"]
[BlackFideId "35028600"]
[WhiteElo "2380"]
[BlackElo "2437"]
[Result "0-1"]
[Round "4"]
[TimeControl "180+2"]
[Date "2023.06.06"]
[WhiteClock "0:00:01"]
[BlackClock "0:00:09"]
[Board "10"]

1. e4 c5 2. Nf3 Nc6 3. Nc3 d6 4. d4 cxd4 5. Nxd4 Nf6 6. Bg5 Bd7 7. Bxf6 gxf6 8. Bc4 Rc8 9. Bb3 e6 10. Qd2 a6 11. O-O-O h5 12. Kb1 Na5 13. f4 b5 14. f5 e5 15. Nde2 Nxb3 16. cxb3 a5 17. Nd5 b4 18. Qd3 Rc5 19. Rc1 Bb5 20. Nc7+ Qxc7 21. Qxb5+ Rxb5 22. Rxc7 Rc5 23. Rc1 Rg8 24. Ng3 h4 25. Nh5 Rxc1+ 26. Kxc1 Kd8 27. Rxf7 Bh6+ 28. Kd1 Rxg2 29. Nxf6 Rxh2 30. Ng4 Rd2+ 31. Ke1 Bf4 32. Rh7 Rd4 33. Nf6 d5 34. exd5 e4 35. d6 Bxd6 36. Rh8+ Ke7 37. Ng4 Bf4 38. Rh7+ Kf8 39. f6 e3 40. Ke2 Rd2+ 41. Kf3 e2 42. Rh8+ Kf7 43. Rh7+ Kg8 44. Rg7+ Kf8 45. Re7 Bg3 46. Rxe2 Rd4 47. Nh6 Rf4+ 48. Kg2 Rxf6 49. Ng4 Rc6 50. Kh3 Rc1 51. Ne3 Ra1 52. a3 bxa3 53. bxa3 Rxa3 54. Nd5 Rxb3 55. Kg4 a4 56. Ra2 a3 57. Re2 Rb2 58. Re4 a2 59. Ra4 Kf7 60. Kf5 Rf2+ 61. Kg4 Be5 62. Ra7+ Ke6 63. Ne3 a1=Q 0-1


[Site "https://www.chess.com"]

[Event "Titled Tuesday Blitz June 6 Early 2023"]
[White "Kravtsiv, Martyn"]
[Black "Tabatabaei, M. Amin"]
[WhiteFideId "14113147"]
[BlackFideId "12521213"]
[WhiteElo "2695"]
[BlackElo "2575"]
[Result "1/2-1/2"]
[Round "4"]
[TimeControl "180+2"]
[Date "2023.06.06"]
[WhiteClock "0:00:06"]
[BlackClock "0:00:11"]
[Board "11"]

1. e4 e6 2. d4 d5 3. e5 c5 4. c3 Nc6 5. Nf3 Qb6 6. Be2 Bd7 7. O-O Nh6 8. Bxh6 gxh6 9. Qd2 Rg8 10. h3 O-O-O 11. dxc5 Bxc5 12. b4 Be7 13. Na3 Rg6 14. Bd3 Rg3 15. Qe3 Rdg8 16. Qxb6 Rxg2+ 17. Kh1 axb6 18. Rg1 Rxg1+ 19. Rxg1 Rxg1+ 20. Kxg1 f6 21. exf6 Bxf6 22. Nb5 e5 23. Bxh7 Bxh3 24. Bf5+ Bxf5 25. Nd6+ Kd7 26. Nxf5 e4 27. N3d4 Bxd4 28. cxd4 Nxb4 29. a4 Nc2 30. Kg2 Ke6 31. Ng7+ Kf6 32. Ne8+ Ke7 33. Nc7 Kd6 34. Nb5+ Kc6 35. Kg3 Nb4 36. Nc3 Nd3 37. f3 exf3 38. Kxf3 Kd6 39. Kg4 Ke6 40. Kh5 Nb4 41. Kxh6 Nc2 42. Nb5 Kf6 43. Kh7 Kf5 44. Nd6+ Kf4 45. Nxb7 Nxd4 46. a5 b5 47. a6 Nc6 48. Kg6 d4 49. Na5 d3 50. Nxc6 d2 51. a7 d1=Q 52. a8=Q Qd6+ 53. Kf7 Qd5+ 54. Ke7 Ke4 55. Qb7 Qc5+ 56. Kd7 Kd3 57. Kc7 Kc4 58. Qa6 Kb3 59. Qa1 Kc2 60. Qa2+ Kc1 61. Qa1+ Kc2 62. Qe1 b4 63. Qxb4 Qxb4 64. Nxb4+ 1/2-1/2


[Site "https://www.chess.com"]